 Dungeon Crawl Stone Soup version 0.23.2 (webtiles) character file.

Game seed: 10033451705205254927

1558 Fang the Skirmisher (level 8, -1/52 HPs)
             Began as a Gargoyle Berserker on Apr 4, 2019.
             Was an Elder of Trog.
             Slain by a centaur
             ... wielding a +0 long sword
              (4 damage)
             ... on level 6 of the Dungeon.
             The game lasted 00:04:27 (4436 turns).

Fang the Skirmisher (Gargoyle Berserker)            Turns: 4436, Time: 00:04:28

Health: -1/52      AC: 11    Str: 22    XL:     8   Next: 88%
Magic:  8/8        EV: 10    Int:  9    God:    Trog [****..]
Gold:   331        SH:  0    Dex:  9    Spells: 7/7 levels left

rFire    + . .     SeeInvis .   a - +0 war axe
rCold    . . .     Gourm    .   (no shield)
rNeg     + . .     Faith    .   b - +0 chain mail
rPois    ∞         Spirit   .   (no helmet)
rElec    +         Reflect  .   (no cloak)
rCorr    .         Harm     .   (no gloves)
MR       ++...                  (no boots)
Stlth    ..........             (no amulet)
HPRegen  1.17/turn              n - ring of protection from fire
MPRegen  0.11/turn              (no ring)

@: corroded, berserk cooldown, regenerating, slowed, very slow
A: negative energy resistance 1, electricity resistance, unbreathing,
petrification resistance, rot immunity, AC +5
a: Berserk, Trog's Hand, Brothers in Arms, Renounce Religion


You were on level 6 of the Dungeon.
You worshipped Trog.
Trog was greatly pleased with you.
You were very hungry.

You visited 2 branches of the dungeon, and saw 7 of its levels.

You collected 331 gold pieces.

Inventory:

Hand Weapons
 a - a +0 war axe (weapon)
Armour
 b - a +0 chain mail (worn)
Jewellery
 n - a ring of protection from fire (left hand)
Wands
 t - a wand of random effects (9)
Scrolls
 d - 6 scrolls of remove curse {unknown}
 e - a scroll of enchant armour {unknown}
 f - 6 scrolls of identify {unknown}
 g - 2 scrolls of immolation {unknown}
 h - a scroll of enchant weapon {unknown}
 k - a scroll of fear {unknown}
 m - 2 scrolls of teleportation {unknown}
 o - 3 scrolls of blinking {unknown}
 s - a scroll of noise {unknown}
Potions
 i - 3 potions of might
 j - a potion of haste {unknown}
 l - a potion of berserk rage {unknown}
 p - a potion of flight {unknown}
 q - 2 potions of degeneration {unknown}
 r - 4 potions of heal wounds {unknown}
 u - a potion of cancellation {unknown}
 v - 2 potions of lignification {unknown}
 w - 2 potions of mutation {unknown}
Comestibles
 c - 12 rations
 x - 5 chunks of flesh


   Skills:
 + Level 6.8 Fighting
 + Level 5.6 Axes
 + Level 6.2 Armour
 + Level 4.7 Dodging


You had 7 spell levels left.
You didn't know any spells.
Your spell library was empty.

Dungeon Overview and Level Annotations

Branches:
Dungeon (6/15)             Temple (1/1) D:4

Altars:
Cheibriados
Hepliaklqana
Zin


Innate Abilities, Weirdness & Mutations

You are resistant to torment.
Your stone body is resilient. (AC +5)
You are immune to poison.
You resist negative energy. (rN+)
You are resistant to electric shocks. (rElec)
You can survive without breathing.
You are immune to petrification.
You are immune to rotting.


Message History

You are exhausted.
You feel yourself slow down.
The gnoll hits you from afar with a +0 spear.
* * * LOW HITPOINT WARNING * * *
A hound comes into view.
The hound barks!
The centaur hits you with a +0 long sword!
* * * LOW HITPOINT WARNING * * *
The orc hits you but does no damage. The jelly hits you but does no damage.
The gnoll hits you but does no damage.
The centaur hits you but does no damage.
The orc hits you but does no damage. The jelly barely misses you.
The gnoll hits you but does no damage.
Items here: )) [ ††† Your chain mail prevents you from hitting the centaur.
You hit the gnoll. You hit the jelly but do no damage.
Your hands burn!
* * * LOW HITPOINT WARNING * * *
You hit the orc but do no damage.
The centaur hits you with a +0 long sword.
You die...

.... ..##### .... ..#
#..#.. #. ... ..
#........ ... .. #..#
.... .. . #..##....
##.#.
<......)....##.h.##
........ ......ocg#
....### .#... #@J#
.....##..##.. #.)# #
......#..##..###.##.####
.........##......##.....
........................
..#................)....
......###...............
.....#####..##.........#
.#...###....###...######


You could see a centaur, a hound, a jelly, a gnoll and an orc.

Vanquished Creatures
  Sigmund (D:2)
  A water moccasin (D:5)
  A sky beast (D:5)
  An ogre (D:5)
  A gnoll sergeant (D:6)
  2 scorpions (D:5)
  3 crimson imps (D:5)
  A bullfrog zombie (D:6)
  3 orc priests
  3 hounds
  Crazy Yiuf (D:5)
  2 orc wizards (D:4)
  A bullfrog skeleton (D:5)
  Jessica (D:3)
  A centaur skeleton (D:6)
  An iguana (D:6)
  Ijyb (D:3)
  2 worker ants
  A hound zombie (D:5)
  Robin (D:3)
  12 gnolls
  9 adders
  A shadow imp (D:5)
  An ooze (D:1)
  An adder skeleton (D:5)
  4 worms
  A dart slug (D:3)
  8 leopard geckos
  6 orcs
  2 ball pythons
  6 bats
  9 giant cockroaches
  13 goblins
  12 hobgoblins
  A quokka (D:4)
  9 frilled lizards
  9 kobolds
  A leopard gecko skeleton (D:5)
  A quokka skeleton (D:4)
  9 rats
144 creatures vanquished.

Notes
Turn   | Place    | Note
-------+----------+-------------------------------------------
     0 | D:1      | Fang the Gargoyle Berserker began the quest for the Orb.
     0 | D:1      | Reached XP level 1. HP: 14/14 MP: 1/1
   122 | D:1      | Reached XP level 2. HP: 13/19 MP: 2/2
   665 | D:1      | Reached XP level 3. HP: 23/23 MP: 3/3
   780 | D:2      | Reached ** piety under Trog
  1037 | D:2      | Noticed Sigmund
  1049 | D:2      | Killed Sigmund
  1049 | D:2      | Reached XP level 4. HP: 23/30 MP: 4/4
  1049 | D:2      | Reached XP level 5. HP: 26/34 MP: 5/5
  1416 | D:2      | Reached XP level 6. HP: 39/39 MP: 6/6
  1573 | D:3      | Noticed Jessica
  1584 | D:3      | Killed Jessica
  1871 | D:3      | Noticed Robin
  1882 | D:3      | Reached *** piety under Trog
  1896 | D:3      | Killed Robin
  2391 | D:3      | Noticed Ijyb
  2413 | D:3      | Killed Ijyb
  2413 | D:3      | Reached skill level 5 in Fighting
  2530 | D:4      | Reached XP level 7. HP: 14/44 MP: 7/7
  2662 | D:4      | Found a staircase to the Ecumenical Temple.
  2736 | Temple   | Entered the Ecumenical Temple
  3405 | D:5      | Entered Level 5 of the Dungeon
  3405 | D:5      | Found a snail-covered altar of Cheibriados.
  3433 | D:5      | Reached **** piety under Trog
  3527 | D:5      | Reached skill level 5 in Armour
  3552 | D:5      | Reached XP level 8. HP: 29/51 MP: 8/8
  3804 | D:5      | Reached skill level 5 in Axes
  3914 | D:5      | Found a hazy altar of Hepliaklqana.
  3966 | D:5      | Found a glowing silver altar of Zin.
  4045 | D:5      | Found a runed translucent door.
  4046 | D:5      | Noticed Crazy Yiuf
  4052 | D:5      | Killed Crazy Yiuf
  4436 | D:6      | HP: 1/52 [acid (2)]
  4436 | D:6      | Slain by a centaur

Skill      XL: |  1  2  3  4  5  6  7  8 |
---------------+-------------------------+-----
Axes           | 3 4 5 |  5.6
Dodging        | 2 3 4 |  4.7
Fighting       | 4 5 6 |  6.8
Armour         | 3 4 5 6 |  6.2

Action                   |  1- 3 |  4- 6 |  7- 9 || total
-------------------------+-------+-------+-------++-------
Melee: Hand axe          |   115 |   221 |    77 ||   413
       War axe           |       |       |   186 ||   186
Invok: Berserk           |     1 |     1 |     3 ||     5
       Trog's Hand       |       |       |     1 ||     1
  Eat: Chunk             |     1 |     6 |     9 ||    16
Armor: Animal skin       |    37 |    79 |    27 ||   143
       Chain mail        |       |       |   187 ||   187
Dodge: Dodged            |    90 |   146 |   161 ||   397
